 Dungeon Crawl Stone Soup version 0.28.0-43-g3370ac3207 (webtiles) character file.

Game seed: 5697784203220208817

81 Zeld the Magician (level 4, 0/24 HPs)
             Began as a Deep Elf Fire Elementalist on Mar 21, 2022.
             Succumbed to an adder's poison
             ... on level 2 of the Dungeon.
             The game lasted 00:01:06 (2020 turns).

Zeld the Magician (Deep Elf Fire Elementalist)      Turns: 2020, Time: 00:01:06

Health: 0/24       AC:  2    Str:  5    XL:     4   Next: 20%
Magic:  1/12       EV: 13    Int: 22    God:
Gold:   70         SH:  0    Dex: 15    Spells: 4/11 levels left

rFire   . . .      SeeInvis .   (no weapon)
rCold   . . .      Faith    .   (no shield)
rNeg    . . .      Spirit   .   a - +0 robe
rPois   .          Reflect  .   (no helmet)
rElec   .          Harm     .   (no cloak)
rCorr   .          Rampage  .   (no gloves)
Will    .....                   (no boots)
Stlth   ++........              (no amulet)
HPRegen 0.08/turn               (no ring)
MPRegen 0.13/turn               (no ring)

@: lethally poisoned (0 -> -5), very slightly contaminated
A: no striking features
a: no special abilities


You were on level 2 of the Dungeon.
You visited 1 branch of the dungeon, and saw 2 of its levels.

You collected 70 gold pieces.

Inventory:

Armour
 a - a +0 robe (worn)
Scrolls
 b - a scroll of teleportation {unknown}
Potions
 c - a potion of curing {unknown}


   Skills:
 + Level 3.0 Dodging
 + Level 3.1 Stealth
 * Level 4.1 Spellcasting
 + Level 2.0 Conjurations
 * Level 4.0 Fire Magic


You had 4 spell levels left.
You knew the following spells:

 Your Spells              Type           Power      Damage    Failure   Level
a - Foxfire               Conj/Fire      68%        2x1d7     3%          1
b - Scorch                Fire           44%        2d7       3%          2
c - Flame Wave            Conj/Fire      17%        2d6       32%         4

Your spell library contained the following spells:

 Spells                   Type           Power      Damage    Failure   Level
 Conjure Flame            Conj/Fire      17%        6-21      10%         3
 Sandblast                Erth           8%         2d5       11%         1
 Inner Flame              Hex/Fire       13%        N/A       14%         3
 Passwall                 Tmut/Erth      3%         N/A       17%         2
 Stone Arrow              Conj/Erth      16%        3d8       22%         3


Dungeon Overview and Level Annotations

Branches:
Dungeon (2/15)

Altars:


Message History

A jackal comes into view.
The adder barely misses you.
Casting: Foxfire (safe; 3% risk of failure)
Confirm with . or Enter, or press ? or * to list all spells.
You miscast Foxfire.
You are very lightly contaminated with residual magic.
Nothing appears to happen.
You feel sick. The adder closely misses you. The adder bites you. x2
You are more poisoned.
The adder poisons you!
Casting: Foxfire (safe; 3% risk of failure)
Confirm with . or Enter, or press ? or * to list all spells.
You don't know that spell.
Casting: Foxfire (safe; 3% risk of failure)
Confirm with . or Enter, or press ? or * to list all spells.
The spell is potentially lethal to miscast (32% risk of failure)!
Continue anyway?
Casting: Flame Wave (potentially lethal; 32% risk of failure)
Press: ? - help, Dir - look around, f - activate You miscast Flame Wave.
Nothing appears to happen.
You feel sick. The adder closely misses you. The adder completely misses you.
Unknown command.
Unknown command.
Casting: Flame Wave (potentially lethal; 32% risk of failure)
Confirm with . or Enter, or press ? or * to list all spells.
The spell is potentially lethal to miscast (32% risk of failure)!
Continue anyway?
Casting: Flame Wave (potentially lethal; 32% risk of failure)
Press: ? - help, Dir - look around, f - activate You miscast Flame Wave.
Nothing appears to happen.
You feel sick. The adder bites you. The adder closely misses you.
The adder misses you.
Unknown command.
You feel sick.
You feel sick. The adder bites you.
You are lethally poisoned!
The adder poisons you!
* * * LOW HITPOINT WARNING * * *
You feel sick.
* * * LOW HITPOINT WARNING * * *
You feel sick. The adder barely misses you. The adder bites you.
* * * LOW HITPOINT WARNING * * *
You die...

#†.##.........#
#.$########...#
#.#######.†######.....#
#.#...................#
#.#.#####..######.###.#
#.#.# #hr# #># #.#
#.#.# #SS# #.# #.#
#.#.# #..# #.# #.#
#.#.#####@.# #.###.####
####..........#
#.........
#>.....######.#
#.......... #.###### ..
...####.#### #.## ###
## #.# #..# #.# ##.##
#.# #...# #..# #...#
##.#


You could see 2 adders, a quokka and a jackal.

Vanquished Creatures
  Natasha (D:2)
  2 adders (D:2)
  2 worms (D:2)
  3 ball pythons
  2 bats
  3 endoplasms
  3 giant cockroaches (D:1)
  2 goblins
  2 hobgoblins
  3 jackals (D:2)
  4 frilled lizards
  3 kobolds
  2 rats
32 creatures vanquished.

Vanquished Creatures (others)
  129 foxfires
129 creatures vanquished.

Grand Total: 161 creatures vanquished

Notes
Turn   | Place    | Note
-------+----------+-------------------------------------------
     0 | D:1      | Zeld the Deep Elf Fire Elementalist began the quest for the
                  | Orb.
     0 | D:1      | Reached XP level 1. HP: 10/10 MP: 6/6
   400 | D:1      | Found a faded altar of an unknown god.
   710 | D:1      | Reached XP level 2. HP: 13/15 MP: 4/8
   792 | D:1      | Learned a level 2 spell: Scorch
  1459 | D:2      | Reached XP level 3. HP: 19/19 MP: 5/10
  1930 | D:2      | Noticed Natasha
  1936 | D:2      | Killed Natasha
  1937 | D:2      | Reached XP level 4. HP: 24/24 MP: 7/12
  1942 | D:2      | Learned a level 4 spell: Flame Wave
  2019 | D:2      | HP: 1/24 [adder (4)]
  2020 | D:2      | Succumbed to an adder's poison

Illustrated notes

Levels and vault maps discovered:
D:1:      eino_arrival_water_star, layout_loops_corners,
          shapermc_ecumenical_altar_petra
D:2:      layout_loops_ring, kennysheep_generic_room_9, uniq_natasha

Skill      XL: |  1  2  3  4 |
---------------+-------------+-----
Dodging        | 3 |  3.0
Stealth        | 3 |  3.1
Spellcasting   | 4 |  4.1
Fire Magic     | 4 |  4.0
Conjurations   | 2 |  2.0

Action                   |  1- 3 |  4- 6 || total
-------------------------+-------+-------++-------
Melee: Unarmed           |     1 |       ||     1
 Cast: Foxfire           |    79 |     4 ||    83
       Scorch            |     1 |       ||     1
Armor: Robe              |     1 |       ||     1
Dodge: Dodged            |    10 |     8 ||    18
